 Dungeon Crawl Stone Soup version 0.26-a0-611-g354ed81502 (webtiles) character file.

Game seed: 18004608854821534536

12339 MrRokkomies the Nimble (level 11, -5/99 HPs)
             Began as a Demigod Wanderer on Sept 7, 2020.
             Slain by an alligator simulacrum (16 damage)
             ... in an ice cave.
             The game lasted 00:25:55 (11693 turns).

MrRokkomies the Nimble (Demigod Wanderer)          Turns: 11693, Time: 00:25:56

Health: -5/99      AC: 13    Str: 21    XL:     11   Next: 35%
Magic:  14/14      EV: 23    Int: 19    God:
Gold:   680        SH:  0    Dex: 17    Spells: 5/10 levels left

rFire    . . .     SeeInvis .   a - +4 scimitar (freeze)
rCold    + . .     Faith    .   (no shield)
rNeg     . . .     Spirit   .   J - +2 ring mail {rPois}
rPois    +         Reflect  .   n - +1 helmet
rElec    .         Harm     .   I - +0 cloak
rCorr    .                      P - +2 pair of gloves
MR       +....                  (no boots)
Stlth    +.........             L - amulet of regeneration
HPRegen  0.66/turn              e - +4 ring of evasion
MPRegen  0.14/turn              F - ring "Hoodwege" {rC+ Str+5 Stlth-}

@: no status effects
A: high mp 1
a: no special abilities


You were in an ice cave.
You visited 2 branches of the dungeon, and saw 12 of its levels.
You also visited: Ice Cave.

You collected 680 gold pieces.

Inventory:

Hand Weapons
 a - a +4 scimitar of freezing (weapon)
 b - the +1 shortbow "Hounn" {speed, +Inv Stlth+}
   (You found it on level 7 of the Dungeon)

   Attacks with this weapon are significantly faster.
   It lets you turn invisible.
   It makes you more stealthy.
 f - a +1 scimitar of venom
 w - a +2 dagger of electrocution
 R - a cursed +5 great sword
Missiles
 v - 228 arrows
 A - 235 sling bullets
 B - 15 poisoned darts (quivered)
Armour
 n - a +1 helmet (worn)
 y - a +0 pair of gloves
 I - a +0 cloak (worn)
 J - a +2 ring mail of poison resistance (worn)
 P - a +2 pair of gloves (worn)
Magical Staves
 g - an uncursed staff of fire
Jewellery
 e - a +4 ring of evasion (left hand)
 p - an uncursed amulet of the acrobat
 u - an uncursed ring of positive energy
 F - the ring "Hoodwege" (right hand) {rC+ Str+5 Stlth-}
   (You found it on level 4 of the Dungeon)

   [ring of protection from cold]

   It affects your strength (+5).
   It protects you from cold.
   It makes you less stealthy.
 L - an amulet of regeneration (around neck)
Wands
 m - a wand of polymorph (7)
 z - a wand of flame (32)
 C - a wand of iceblast (31)
 E - a wand of acid (14)
Scrolls
 d - 4 scrolls of teleportation
 h - 3 scrolls of enchant weapon
 i - 3 scrolls of enchant armour
 j - 7 scrolls of remove curse
 q - 3 scrolls of fog
 x - a scroll of amnesia
 M - a scroll of magic mapping
 O - 2 scrolls of identify
 Q - a scroll of immolation
Potions
 c - 8 potions of curing
 l - 2 potions of ambrosia
 o - a potion of stabbing
 r - a potion of berserk rage
 s - a potion of invisibility
 t - a potion of heal wounds
 G - 2 potions of might
 H - a potion of lignification
 N - 2 potions of magic


   Skills:
 - Level 10.0 Fighting
 * Level 7.1 Long Blades
 - Level 2.7 Throwing
 - Level 2.6 Armour
 + Level 11.1 Dodging
 - Level 3.6 Stealth
   Level 1.0 Shields
 * Level 2.3 Translocations
 + Level 1.5 Ice Magic


You had 5 spell levels left.
You knew the following spells:

 Your Spells              Type           Power        Failure   Level
a - Blink                 Tloc           N/A          19%         2
b - Frozen Ramparts       Ice            #.....       47%         3

Your spell library contained the following spells:

 Spells                   Type           Power        Failure   Level
 Freeze                   Ice            #...         19%         1
 Corona                   Hex            #......      32%         1
 Magic Dart               Conj           #...         32%         1
 Ensorcelled Hibernation  Hex/Ice        #.....       36%         2
 Call Imp                 Summ           #.......     45%         2
 Slow                     Hex            #.......     45%         2
 Ozocubu's Armour         Ice            #.......     47%         3
 Confusing Touch          Hex            #.......     69%         3
 Conjure Flame            Conj/Fire      #.......     69%         3
 Dazzling Flash           Conj/Hex       #.....       69%         3
 Mephitic Cloud           Conj/Pois/Air  #.......     69%         3
 Tukima's Dance           Hex            #.......     69%         3
 Hailstorm                Conj/Ice       #.......     94%         4
 Summon Ice Beast         Ice/Summ       #.......     94%         4


Dungeon Overview and Level Annotations

Branches:
Dungeon (11/15)            Temple (0/1) D:6            Lair (1/6) D:8
    Orc (0/2) D:11          IceCv (1/1)

Annotations:
D:8 2 transporters, exclusion: obsidian statue
D:9 1 runed translucent door, exclusion: 4 orange crystal statues
D:10 2 transporters, Hiuthokh's ghost, novice MiBe


Innate Abilities, Weirdness & Mutations

You have an increased reservoir of magic. (+10% MP)


Message History

You slash the alligator simulacrum!
The alligator simulacrum is moderately damaged.
The alligator simulacrum misses you. The death yak simulacrum gores you!
The death yak simulacrum freezes you! You resist.
* * * LOW HITPOINT WARNING * * *
You feel much better. The alligator simulacrum bites you.
The alligator simulacrum freezes you! You resist.
* * * LOW HITPOINT WARNING * * *
The alligator simulacrum completely misses you.
The death yak simulacrum gores you.
* * * LOW HITPOINT WARNING * * *
The death yak simulacrum freezes you!! You resist.
* * * LOW HITPOINT WARNING * * *
Okay, then.
You feel much better. The death yak simulacrum gores you.
* * * LOW HITPOINT WARNING * * *
The death yak simulacrum freezes you! You resist.
* * * LOW HITPOINT WARNING * * *
The alligator simulacrum bites you!
You die...

#...#
##...
#...#
##...##
##.....##
#...\...#
#.......#
##.ZZZ.##
##.@.##
#####


You could see an alligator simulacrum and 2 death yak simulacra.

Vanquished Creatures
  2 hydras (D:7)
  An unseen horror (D:11)
  An ugly thing (D:11)
  A wolf spider (D:10)
  2 manticores (D:11)
  Joseph (D:7)
  A centaur zombie (D:10)
  A komodo dragon (D:11)
  2 rime drakes (Lair:1)
  2 hippogriffs
  A wraith (D:11)
  A vampire (D:10)
  6 yaks (D:9)
  A water elemental (D:11)
  3 wargs
  A water moccasin (D:9)
  6 orc warriors
  2 ice beasts
  2 black bears
  A phantom (D:6)
  An eye of draining (D:10)
  3 sky beasts
  4 ogres
  6 centaurs
  A crocodile (D:8)
  4 bullfrogs
  2 scorpions
  12 wights
  4 killer bees
  2 electric eels (D:11)
  A crimson imp (D:7)
  3 bullfrog zombies
  A jelly (D:11)
  A centaur skeleton (D:10)
  10 orc priests
  4 hounds
  A bullfrog skeleton (D:8)
  3 iguanas
  Terence (D:3)
  26 orc wizards
  Natasha (thrice) (D:3 D:2)
  5 worker ants
  A killer bee zombie (D:8)
  A wolf simulacrum (IceCv)
  3 hound skeletons
  A worker ant zombie (D:5)
  12 adders
  3 white imps
  2 ufetubi
  2 oozes
  An adder skeleton (D:7)
  4 worms
  3 dart slugs
  10 leopard geckos
  59 orcs
  9 giant cockroaches
  12 goblins
  3 hobgoblins
  13 jackals
  8 kobolds
  4 quokkas
  9 bats
  7 frilled lizards
  A quokka skeleton (D:4)
  11 rats
315 creatures vanquished.

Notes
Turn   | Place    | Note
-------+----------+-------------------------------------------
     0 | D:1      | MrRokkomies the Demigod Wanderer began the quest for the
                  | Orb.
     0 | D:1      | MrRokkomies set off with the following items: a +2 dagger,
                  | a potion of heal wounds, a potion of curing, a scroll of
                  | teleportation, a +0 robe
     0 | D:1      | Reached XP level 1. HP: 17/17 MP: 3/3
   220 | D:1      | Reached skill level 1 in Armour
   235 | D:1      | Reached XP level 2. HP: 24/24 MP: 4/4
   688 | D:2      | Reached XP level 3. HP: 26/30 MP: 5/5
  1380 | D:2      | Reached XP level 4. HP: 38/38 MP: 6/6
  1740 | D:3      | Noticed Natasha
  1754 | D:3      | Killed Natasha
  1754 | D:3      | Reached skill level 2 in Dodging
  1870 | D:3      | Noticed Natasha
  1884 | D:3      | Killed Natasha
  2071 | D:3      | Noticed Terence
  2081 | D:3      | Reached XP level 5. HP: 46/46 MP: 7/7
  2090 | D:3      | Killed Terence
  2127 | D:3      | Noticed a sky beast
  2137 | D:3      | Noticed Natasha
  2141 | D:3      | Killed a sky beast
  2141 | D:3      | Reached skill level 3 in Dodging
  2155 | D:2      | Killed Natasha
  2351 | D:3      | Reached XP level 6. HP: 53/53 MP: 8/8
  2478 | D:3      | Found a sacrificial altar of Ru.
  2633 | D:3      | Found a snail-covered altar of Cheibriados.
  3454 | D:4      | Got a bound golden ring
  3455 | D:4      | Identified the ring "Hoodwege" {rC+ Str+5 Stlth-} (You
                  | found it on level 4 of the Dungeon)
  3800 | D:5      | Entered Level 5 of the Dungeon
  3811 | D:5      | Reached skill level 4 in Dodging
  4081 | D:5      | Reached skill level 5 in Fighting
  4347 | D:5      | Reached XP level 7. HP: 59/61 MP: 9/9
  4698 | D:5      | Reached skill level 5 in Dodging
  5339 | D:6      | Noticed a +0 hand axe
  5340 | D:6      | Noticed a +0 hand axe
  5575 | D:6      | Found a staircase to the Ecumenical Temple.
  5647 | D:6      | Reached XP level 8. HP: 55/71 MP: 10/10
  5759 | D:6      | Reached skill level 6 in Dodging
  6420 | D:6      | Found a hide-covered altar of Uskayaw.
  6546 | D:7      | Found an ornate altar of the Wu Jian Council.
  6652 | D:7      | Found a hazy altar of Hepliaklqana.
  6901 | D:7      | Noticed Joseph
  6920 | D:7      | Killed Joseph
  6920 | D:7      | Reached skill level 7 in Dodging
  7040 | D:7      | Found a white marble altar of Elyvilon.
  7265 | D:7      | Noticed a six-headed hydra
  7267 | D:7      | Noticed a five-headed hydra
  7278 | D:7      | Killed a six-headed hydra
  7278 | D:7      | Reached skill level 8 in Dodging
  7278 | D:7      | Reached XP level 9. HP: 76/82 MP: 11/11
  7278 | D:7      | Killed a five-headed hydra
  7302 | D:7      | Got a blackened shortbow
  7303 | D:7      | Identified the cursed +1 shortbow "Hounn" {speed, +Inv
                  | Stlth+} (You found it on level 7 of the Dungeon)
  7621 | D:7      | Found a shimmering altar of Xom.
  7631 | D:7      | Reached skill level 9 in Dodging
  7632 | D:7      | Found a burning altar of Makhleb.
  7658 | D:8      | Found an ancient bone altar of Kikubaaqudgha.
  7665 | D:8      | Found a staircase to the Lair.
  8075 | D:8      | Found a transporter.
  8076 | D:8      | Noticed an obsidian statue
  8093 | D:8      | Found a transporter.
  8278 | D:8      | Reached XP level 10. HP: 83/91 MP: 13/13
  8537 | D:9      | Found a blossoming altar of Fedhas.
  8551 | D:9      | Learned a level 2 spell: Blink
  8639 | D:9      | Found the +10 tower shield of Ignorance {rN+ Int-4}
  8644 | D:9      | Found a runed translucent door.
  8664 | D:9      | Noticed an orange crystal statue
  8664 | D:9      | Noticed an orange crystal statue
  8664 | D:9      | Noticed an orange crystal statue
  8664 | D:9      | Noticed an orange crystal statue
  8701 | D:9      | Found a runed translucent door.
  8744 | D:9      | Found a bloodstained altar of Trog.
  8776 | D:9      | Found a shimmering blue altar of Sif Muna.
  9516 | D:10     | Entered Level 10 of the Dungeon
  9558 | D:10     | Reached skill level 10 in Dodging
  9725 | D:10     | Noticed a two-headed ogre
  9726 | D:10     | Noticed a wolf spider
  9726 | D:10     | a two-headed ogre changed into a wolf spider
  9735 | D:10     | Killed a wolf spider
  9735 | D:10     | Reached skill level 10 in Fighting
  9842 | D:10     | Reached skill level 5 in Long Blades
 10043 | D:10     | Learned a level 3 spell: Frozen Ramparts
 10043 | D:10     | Found a transporter.
 10045 | D:10     | Noticed a flayed ghost
 10045 | D:10     | Noticed Hiuthokh's ghost (novice MiBe)
 10110 | D:10     | Reached skill level 1 in Throwing
 10281 | D:10     | Found a transporter.
 10301 | D:10     | Noticed a death drake
 10311 | D:10     | Noticed a lindwurm
 10311 | D:10     | a death drake changed into a lindwurm
 10324 | D:10     | Noticed a two-headed ogre
 10324 | D:10     | a lindwurm changed into a two-headed ogre
 10377 | D:11     | Noticed a manticore
 10432 | D:11     | Killed a manticore
 10593 | D:11     | Killed an unseen horror
 10768 | D:11     | Reached XP level 11. HP: 84/99 MP: 14/14
 11145 | D:11     | Reached skill level 11 in Dodging
 11145 | D:11     | Reached skill level 1 in Translocations
 11320 | D:11     | Reached skill level 1 in Ice Magic
 11510 | D:11     | Found a staircase to the Orcish Mines.
 11651 | Lair:1   | Entered Level 1 of the Lair of Beasts
 11665 | Lair:1   | Found a frozen archway.
 11681 | IceCv    | Entered an ice cave
 11692 | IceCv    | HP: 4/99 [death yak simulacrum (20)]
 11693 | IceCv    | Slain by an alligator simulacrum

Illustrated notes

Levels and vault maps discovered:
D:1:      scummos_arrival_forest, layout_rooms
D:2:      minmay_razor_zed, layout_basic
D:3:      layout_basic, nicolae_overflow_hidden_temple, marbit_many_paths,
          uniq_terence, uniq_natasha
D:4:      layout_loops_ring, grunt_ministairs_14
D:5:      layout_layer_cave
D:6:      layout_basic, dancing_weapons_uskayaw,
          minmay_temple_entry_glassed_door, serial_bayou, serial_bayou_crossing
D:7:      minmay_chambers_of_sevens, layout_basic,
          lemuel_coloured_pillars_altar, kennysheep_mini_moat,
          grunt_temple_overflow_champion_of_chaos, overflow_temple_1_default,
          uniq_joseph
D:8:      gammafunk_sealed_arena, layout_basic, erik_lair_orcish_takeover,
          basic_altar
D:9:      layout_long_grid, led_sif_book, overflow_temple_1_default,
          old_standard_altar, chequers_guarded_unrand_ignorance
D:10:     layout_roguey, gammafunk_ghost_arena, nrook_loot_triangle
D:11:     layout_roguey, erik_orc_2
Lair:1:   dragon1_lemuel, layout_regular_city, portal_ice_cave_rime,
          hibernation_bobbens
IceCv:    ice_cave_small_necro

Skill      XL: |  1  2  3  4  5  6  7  8  9 10 11 |
---------------+----------------------------------+-----
Fighting       | 2 3 4 5 6 8 9 10 | 10.0
Armour         | 1 2 |  2.6
Dodging        | 2 3 4 5 8 9 10 11 | 11.1
Long Blades    | 2 6 7 |  7.1
Throwing       | 2 |  2.7
Translocations | 2 |  2.3
Ice Magic      | 1 |  1.5
Stealth        | |  3.6
Shields        | |  1.0

Action                   |  1- 3 |  4- 6 |  7- 9 | 10-12 || total
-------------------------+-------+-------+-------+-------++-------
Melee: Dagger            |    78 |       |    18 |       ||    96
       Mace              |    70 |       |       |       ||    70
       Short sword       |    40 |   214 |   233 |       ||   487
       Scimitar          |       |       |   118 |   392 ||   510
Throw: Dart              |       |       |     4 |    29 ||    33
Evoke: Wand              |       |       |     9 |    13 ||    22
  Use: Scroll            |     1 |    10 |     4 |     7 ||    22
       Potion            |       |       |     1 |     3 ||     4
 Stab: Sleeping          |       |     8 |     1 |       ||     9
       Distracted        |       |     1 |       |       ||     1
Armor: Chain mail        |   123 |     2 |       |       ||   125
       Leather armour    |       |    31 |    42 |       ||    73
       Ring mail         |       |       |    58 |   102 ||   160
Dodge: Dodged            |   129 |   192 |   412 |   428 ||  1161
       Rpst.: Scimitar   |       |       |    40 |   113 ||   153

Table legend: (Time is in decaauts)
 A = Elapsed time spent in this place.
 B = Non-inter-level travel time spent in this place.
 C = Inter-level travel time spent in this place.
 D = Time resting spent in this place.
 E = Time spent auto-exploring this place.
 F = Levels seen in this place.
 G = Mean time per level.
                   A        B        C        D        E       F      G
               +--------+--------+--------+--------+--------+-----+--------+
         Total |  11862 |  11422 |    440 |    249 |   8607 |  13 |  912.5 |
       Dungeon |  11820 |  11381 |    439 |    249 |   8607 |  11 | 1074.5 |
          Lair |     30 |     30 |      0 |      0 |      0 |   1 |   30.0 |
      Ice Cave |     11 |     11 |      0 |      0 |      0 |   1 |   11.0 |
               +--------+--------+--------+--------+--------+-----+--------+

Top non-repeatable levels by time:
     D:6: 1383 daAuts
     D:5: 1330 daAuts
     D:7: 1216 daAuts
     D:2: 1199 daAuts
     D:3: 1133 daAuts
    D:11: 1120 daAuts
     D:9: 1035 daAuts
    D:10: 1026 daAuts
     D:4: 953 daAuts
     D:8: 865 daAuts
     D:1: 554 daAuts
  Lair:1: 30 daAuts
   IceCv: 11 daAuts
